 Dungeon Crawl Stone Soup version 0.27.0-1-g7a089689b8 (webtiles) character file.

Game seed: 17038006010433637741

67 dolemite99 the Poker (level 4, -2/33 HPs)
             Began as a Demonspawn Gladiator on Aug 1, 2021.
             Slain by Robin (7 damage)
             ... on level 2 of the Dungeon.
             The game lasted 00:01:14 (1827 turns).

dolemite99 the Poker (Demonspawn Gladiator)         Turns: 1827, Time: 00:01:14

Health: -2/33      AC:  6    Str: 16    XL:     4   Next: 0%
Magic:  4/4        EV: 11    Int:  9    God:
Gold:   53         SH:  0    Dex: 14    Spells: 3/3 levels left

rFire    . . .     SeeInvis .   a - +0 trident
rCold    . . .     Faith    .   (no shield)
rNeg     . . .     Spirit   .   n - +0 ring mail
rPois    .         Reflect  .   c - +0 helmet
rElec    .         Harm     .   (no cloak)
rCorr    .         Rampage  .   (no gloves)
Will     .....                  (no boots)
Stlth    +.........             (no amulet)
HPRegen  0.11/turn              (no ring)
MPRegen  0.09/turn              (no ring)

@: attractive, invisible
A: demonic guardian 1, spiny 1
a: no special abilities


You were on level 2 of the Dungeon.
You visited 1 branch of the dungeon, and saw 2 of its levels.

You collected 53 gold pieces.

Inventory:

Hand Weapons
 a - a +0 trident (weapon)
Missiles
 d - 3 throwing nets (quivered)
 e - 79 stones
 f - 12 poisoned darts
 h - 21 arrows
 j - 14 bolts
Armour
 b - a +0 leather armour
 c - a +0 helmet (worn)
 n - a +0 ring mail (worn)
Scrolls
 g - 2 scrolls of holy word {unknown}
 l - 2 scrolls of blinking {unknown}
 o - a scroll of identify {unknown}
Potions
 k - a potion of curing {unknown}
 m - a potion of flight {unknown}
 p - a potion of attraction


   Skills:
 - Level 2.0 Fighting
 + Level 4.4 Polearms
 - Level 1.7 Throwing
 - Level 2.6 Dodging


You had 3 spell levels left.
You didn't know any spells.
Your spell library was empty.

Dungeon Overview and Level Annotations

Branches:
Dungeon (2/15)

Altars:

Annotations:
D:2 Robin


Innate Abilities, Weirdness & Mutations

A weak demonic guardian rushes to your aid.
You are partially covered in sharp spines.


Message History

You barely miss the goblin. You hit the goblin.
The goblin is heavily wounded.
Robin throws the goblin at you! The goblin is struck by your spines.
The goblin hits you but does no damage. The goblin closely misses you.
You puncture the goblin!
You kill the goblin!
The goblin closely misses you.
You hit Robin but do no damage.
Robin roars a battlecry!
The goblins go into a battle-frenzy!
The goblin hits you with a +0 dagger.
You barely miss the goblin. The goblin is struck by your spines.
You kill the goblin!
Robin hits you with a +1 short sword of speed.
A demonic guardian appears!
You hit Robin.
Robin is moderately wounded.
Robin throws the goblin at you! The goblin hits you with a +0 dagger.
Your shadow imp hits the goblin.
You hit Robin.
Robin is moderately wounded.
Robin hits you with a +1 short sword of speed.
The goblin hits you with a +0 dagger.
* * * LOW HITPOINT WARNING * * *
Your shadow imp closely misses the goblin.
Robin hits you with a +1 short sword of speed.
* * * LOW HITPOINT WARNING * * *
It was a potion of attraction.
You feel attractive to monsters. The goblin is struck by your spines.
You kill the goblin!
Robin hits you but does no damage.
You have reached level 4!
You feel stronger.
It was a potion of invisibility.
You fade into invisibility!
Robin is struck by your spines.
Robin hits you with a +1 short sword of speed!
You die...

.....#####..####.## #
.###.# #..##....###### #
.# #.# #.............# #
.# #.#
#.#.#....####.##########
.###.## #.#.#....#
#.#......... ......#
#.#.#....# #.#.########
......# #.#......# #.#.#
#.....
......####.#..##5##
#.#.###.###.
...........#.g.#@#
#.#.........
############.#.#g#
#.#.###.##..
#)g.gg.ggg#...#
#.#...#.#...
#.##########..#
#.#####.#... #. #..#
#.......#... #. #..#
#########.## #g #..# #.#
#g ##># #.# #. #.# #.#


You could see Robin (ally target) and a friendly shadow imp (summoned).

Vanquished Creatures
  3 adders (D:2)
  4 bats
  4 endoplasms
  A giant cockroach (D:2)
  6 goblins
  2 hobgoblins (D:2)
  3 jackals (D:2)
  6 kobolds
  A quokka (D:1)
  2 ball pythons
  4 frilled lizards
  A rat (D:1)
37 creatures vanquished.

Notes
Turn   | Place    | Note
-------+----------+-------------------------------------------
     0 | D:1      | dolemite99 the Demonspawn Gladiator began the quest for the
                  | Orb.
     0 | D:1      | Reached XP level 1. HP: 16/16 MP: 1/1
   158 | D:1      | Reached skill level 3 in Polearms
   248 | D:1      | Gained mutation: A weak demonic guardian rushes to your
                  | aid. [demonic ancestry]
   248 | D:1      | Reached XP level 2. HP: 21/22 MP: 2/2
  1100 | D:2      | Gained mutation: You are partially covered in sharp spines.
                  | [demonic ancestry]
  1100 | D:2      | Reached XP level 3. HP: 17/27 MP: 3/3
  1562 | D:2      | Reached skill level 4 in Polearms
  1799 | D:2      | Noticed Robin
  1827 | D:2      | Reached XP level 4. HP: 5/33 MP: 4/4
  1827 | D:2      | Slain by Robin

Illustrated notes

Levels and vault maps discovered:
D:1:      dpeg_arrival_snail, layout_loops_ring, hex_medium
D:2:      layout_basic, uniq_robin

Skill      XL: |  1  2  3 |
---------------+----------+-----
Polearms       | 3 4 |  4.4
Fighting       | |  2.0
Throwing       | |  1.7
Dodging        | |  2.6

Action                   |  1- 3 |  4- 6 || total
-------------------------+-------+-------++-------
Melee: Trident           |   114 |       ||   114
  Use: Potion            |     1 |     1 ||     2
 Stab: Sleeping          |     2 |       ||     2
Armor: Leather armour    |    25 |       ||    25
       Ring mail         |    11 |       ||    11
Dodge: Dodged            |    72 |       ||    72
